EL
SAN ANTONIO MISSIONS @ COLORADO (EL) ROCKIES
09/21/2046
 
TOP OF THE 1ST
San Antonio Missions batting - Pitching for Colorado (EL) Rockies : LHP Yoshiya Yokoyama
Pitching: LHP Yoshiya Yokoyama
Batting: RHB Steve Martin 0-0: Ball
1-0: Called Strike
1-1: Swinging Strike
1-2: SINGLE (Line Drive, 4MD, EV 108.1 MPH)
Batting: RHB Yusuke Nakamura 0-0: Ball
1-0: Ball
2-0: 2-RUN HOME RUN (Flyball, 8LXD, EV 109.4 MPH), Distance : 431 ft
Batting: SHB Devin Hottenstein 0-0: Called Strike
0-1: Ball
1-1: Called Strike
1-2: DOUBLE (Groundball, 5L, EV 101.9 MPH)
Batting: LHB Javy Portela 0-0: Foul Ball, location: 2F
0-1: Called Strike
0-2: SINGLE (Line Drive, 8LS, EV 92.5 MPH)
Devin Hottenstein to third
Batting: LHB Josh Slusarczyk 0-0: Called Strike
0-1: Ball
1-1: Ball
2-1: Foul Ball, location: 2F
2-2: Strikes out swinging
Batting: LHB David Seminario 0-0: Ball
1-0: Called Strike
1-1: Called Strike
1-2: Strikes out swinging
Batting: SHB Olaf Zoeteman 0-0: Ball
1-0: Ball
2-0: Called Strike
2-1: Ball
3-1: Fly out, F3 (Popup, 3S, EV 77.5 MPH)
Top of the 1st over - 2 runs, 4 hits, 0 errors, 2 left on base; San Antonio 2 - Colorado (EL) 0
BOTTOM OF THE 1ST
Colorado (EL) Rockies batting - Pitching for San Antonio Missions : LHP Luis Sanchez
Pitching: LHP Luis Sanchez
Batting: RHB Bodil Hardenberg 0-0: Ball
1-0: Swinging Strike
1-1: SINGLE (Groundball, 5S, EV 70.6 MPH) (infield hit)
Batting: RHB Matt Fabre 0-0: Ball
1-0: Ball
2-0: Foul Ball, location: 2F
2-1: Foul Ball, location: 2F
2-2: SINGLE (Groundball, 34D, EV 102.5 MPH)
Bodil Hardenberg to second
Runner from 2nd tries for 3rd, SAFE, throw by RF made to third
Batting: LHB Chris Salim 0-0: Called Strike
0-1: Ball
1-1: Foul Ball, location: 2F
1-2: Ball
2-2: SINGLE (Flyball, 4D, EV 85.0 MPH)
Bodil Hardenberg scores
Matt Fabre to second
Batting: LHB Chris Raymond 0-0: Called Strike
0-1: Called Strike
0-2: Ball
1-2: Grounds into double play, 6-4-3 (Groundball, 6, EV 100.0 MPH)
Matt Fabre to third
Batting: RHB Bobby Gulsby 0-0: Ground out 4-3 (Groundball, 4, EV 89.4 MPH)
Bottom of the 1st over - 1 run, 3 hits, 0 errors, 1 left on base; San Antonio 2 - Colorado (EL) 1
TOP OF THE 2ND
San Antonio Missions batting - Pitching for Colorado (EL) Rockies : LHP Yoshiya Yokoyama
Batting: RHB Francisco Trejo 0-0: Ball
1-0: Ground out 6-3 (Groundball, 6, EV 83.1 MPH)
Batting: RHB Jerry Garcez 0-0: Ball
1-0: Ball
2-0: Swinging Strike
2-1: Swinging Strike
2-2: Strikes out swinging
Batting: RHB Steve Martin 0-0: Swinging Strike
0-1: Ground out 5-3 (Groundball, 56S, EV 80.0 MPH)
Top of the 2nd over - 0 runs, 0 hits, 0 errors, 0 left on base; San Antonio 2 - Colorado (EL) 1
BOTTOM OF THE 2ND
Colorado (EL) Rockies batting - Pitching for San Antonio Missions : LHP Luis Sanchez
Batting: LHB Eric Ludwig 0-0: Fly out, F8 (Flyball, 8LD, EV 105.0 MPH)
Batting: RHB Luis Castillo 0-0: Ball
1-0: Ball
2-0: Foul Ball, location: 2F
2-1: Swinging Strike
2-2: Fly out, F7 (Line Drive, 7, EV 88.8 MPH)
Batting: LHB Eric Zacher 0-0: Called Strike
0-1: Foul Ball, location: 2F
0-2: Ball
1-2: Ball
2-2: Fly out, F6 (Popup, 56, EV 67.5 MPH)
Bottom of the 2nd over - 0 runs, 0 hits, 0 errors, 0 left on base; San Antonio 2 - Colorado (EL) 1
TOP OF THE 3RD
San Antonio Missions batting - Pitching for Colorado (EL) Rockies : LHP Yoshiya Yokoyama
Batting: RHB Yusuke Nakamura 0-0: Called Strike
0-1: Foul Ball, location: 2F
0-2: Foul Ball, location: 2F
0-2: Strikes out looking
Batting: SHB Devin Hottenstein 0-0: Ball
1-0: Ball
2-0: Ball
3-0: Called Strike
3-1: Base on Balls
Batting: LHB Javy Portela 0-0: Ball
1-0: Called Strike
1-1: Called Strike
1-2: SINGLE (Groundball, 4D, EV 95.6 MPH)
Devin Hottenstein to second
Batting: LHB Josh Slusarczyk 0-0: Ball
1-0: Called Strike
1-1: Swinging Strike
1-2: Ball
2-2: Strikes out swinging
Batting: LHB David Seminario 0-0: Fielders Choice at 2nd, 5-4 (Groundball, 56, EV 83.8 MPH)
Top of the 3rd over - 0 runs, 1 hit, 0 errors, 2 left on base; San Antonio 2 - Colorado (EL) 1
BOTTOM OF THE 3RD
Colorado (EL) Rockies batting - Pitching for San Antonio Missions : LHP Luis Sanchez
Batting: SHB Malik Whitted 0-0: Swinging Strike
0-1: Called Strike
0-2: Foul Ball, location: 2F
0-2: Ball
1-2: Strikes out swinging
Batting: RHB Bodil Hardenberg 0-0: Foul Ball, location: 2F
0-1: Ball
1-1: Called Strike
1-2: Ball
2-2: Strikes out swinging
Batting: RHB Matt Fabre 0-0: Foul Ball, location: 2F
0-1: SOLO HOME RUN (Flyball, 78XD, EV 102.5 MPH), Distance : 394 ft
Batting: LHB Chris Salim 0-0: Ball
1-0: Reached on error, E7 (Flyball, 7D, EV 91.2 MPH)
Batting: LHB Chris Raymond 0-0: Ball
1-0: DOUBLE (Flyball, 7LD, EV 105.6 MPH)
Chris Salim scores
Batting: RHB Bobby Gulsby 0-0: Foul Ball, location: 2F
0-1: Ball
1-1: Called Strike
1-2: SINGLE (Groundball, 6S, EV 67.5 MPH) (infield hit)
Chris Raymond to third
Batting: LHB Eric Ludwig 0-0: Ball
1-0: Called Strike
1-1: Ball
2-1: Ball
3-1: Foul Ball, location: 2F
3-2: Ground out 1-3 (Groundball, 15S, EV 66.9 MPH)
Bottom of the 3rd over - 2 runs, 3 hits, 1 error, 2 left on base; San Antonio 2 - Colorado (EL) 3
TOP OF THE 4TH
San Antonio Missions batting - Pitching for Colorado (EL) Rockies : LHP Yoshiya Yokoyama
Batting: SHB Olaf Zoeteman 0-0: Called Strike
0-1: Ground out 5-3 (Groundball, 15, EV 78.1 MPH)
Batting: RHB Francisco Trejo 0-0: Called Strike
0-1: Ball
1-1: Bunt for hit to 3S - play at first, batter OUT! 3-4
Batting: RHB Jerry Garcez 0-0: SINGLE (Line Drive, 9LM, EV 109.4 MPH)
Batting: RHB Steve Martin 0-0: Foul Ball, location: 2F
0-1: Ball
Jerry Garcez steals 2nd base
1-1: Ball
2-1: Ball
3-1: Called Strike
3-2: Base on Balls
Batting: RHB Yusuke Nakamura 0-0: Ball
1-0: Ball
2-0: Called Strike
2-1: Ball
3-1: Called Strike
3-2: Foul Ball, location: 2F
3-2: Fly out, F9 (Flyball, 9, EV 80.6 MPH)
Top of the 4th over - 0 runs, 1 hit, 0 errors, 2 left on base; San Antonio 2 - Colorado (EL) 3
BOTTOM OF THE 4TH
Colorado (EL) Rockies batting - Pitching for San Antonio Missions : LHP Luis Sanchez
Batting: RHB Luis Castillo 0-0: Ball
1-0: Ground out 4-3 (Groundball, 4, EV 80.6 MPH)
Batting: LHB Eric Zacher 0-0: Ground out 4-3 (Groundball, 34, EV 81.2 MPH)
Batting: SHB Malik Whitted 0-0: Ground out 4-3 (Groundball, 34, EV 98.1 MPH)
Bottom of the 4th over - 0 runs, 0 hits, 0 errors, 0 left on base; San Antonio 2 - Colorado (EL) 3
TOP OF THE 5TH
San Antonio Missions batting - Pitching for Colorado (EL) Rockies : LHP Yoshiya Yokoyama
Batting: SHB Devin Hottenstein 0-0: Foul Ball, location: 2F
0-1: Foul Ball, location: 2F
0-2: Ball
1-2: Ball
2-2: Strikes out swinging
Batting: LHB Javy Portela 0-0: Ball
1-0: Foul Ball, location: 2F
1-1: Foul Ball, location: 2F
1-2: SINGLE (Line Drive, 3D, EV 105.6 MPH)
Batting: LHB Josh Slusarczyk 0-0: Called Strike
0-1: Swinging Strike
0-2: Strikes out swinging
Batting: LHB David Seminario 0-0: Called Strike
Javy Portela is caught stealing 2nd base 2-6
Top of the 5th over - 0 runs, 1 hit, 0 errors, 0 left on base; San Antonio 2 - Colorado (EL) 3
BOTTOM OF THE 5TH
Colorado (EL) Rockies batting - Pitching for San Antonio Missions : LHP Luis Sanchez
Batting: RHB Bodil Hardenberg 0-0: Ball
1-0: DOUBLE (Groundball, 5L, EV 96.2 MPH)
Batting: RHB Matt Fabre 0-0: Swinging Strike
0-1: Swinging Strike
0-2: Strikes out swinging
Batting: LHB Chris Salim 0-0: Ball
1-0: Ball
2-0: Foul Ball, location: 2F
2-1: Ball
3-1: Swinging Strike
3-2: Base on Balls
Batting: LHB Chris Raymond 0-0: Swinging Strike
0-1: Called Strike
0-2: Strikes out swinging
Batting: RHB Bobby Gulsby 0-0: Ball
1-0: Fly out, F4 (Popup, 4M, EV 50.6 MPH)
Bottom of the 5th over - 0 runs, 1 hit, 0 errors, 2 left on base; San Antonio 2 - Colorado (EL) 3
TOP OF THE 6TH
San Antonio Missions batting - Pitching for Colorado (EL) Rockies : LHP Yoshiya Yokoyama
Batting: LHB David Seminario 0-0: Ball
1-0: Ball
2-0: Ball
3-0: Called Strike
3-1: Foul Ball, location: 2F
3-2: Base on Balls
Batting: SHB Olaf Zoeteman 0-0: Ball
1-0: Ball
2-0: Foul Ball, location: 2F
2-1: Swinging Strike
2-2: Foul Ball, location: 2F
2-2: Fly out, F8 (Flyball, 8LD, EV 95.6 MPH)
Batting: RHB Francisco Trejo 0-0: Ground out 5-3 (Groundball, 56, EV 101.9 MPH)
David Seminario to second
Pitching: RHP Corey Dalton
Batting: RHB Jerry Garcez 0-0: Called Strike
0-1: Called Strike
0-2: Foul Ball, location: 2F
0-2: Ball
1-2: Strikes out swinging
Top of the 6th over - 0 runs, 0 hits, 0 errors, 1 left on base; San Antonio 2 - Colorado (EL) 3
BOTTOM OF THE 6TH
Colorado (EL) Rockies batting - Pitching for San Antonio Missions : LHP Luis Sanchez
Batting: LHB Eric Ludwig 0-0: Called Strike
0-1: Ball
1-1: Called Strike
1-2: Foul Ball, location: 2F
1-2: Strikes out looking
Batting: RHB Luis Castillo 0-0: SINGLE (Groundball, 56, EV 101.9 MPH)
Batting: LHB Eric Zacher 0-0: Foul Ball, location: 2F
0-1: Ball
1-1: Ball
Luis Castillo steals 2nd base
2-1: Swinging Strike
2-2: Ball
3-2: Strikes out swinging
Batting: SHB Malik Whitted 0-0: Called Strike
0-1: Ball
1-1: Foul Ball, location: 2F
1-2: SINGLE (Groundball, 3D, EV 96.9 MPH)
Luis Castillo to third
Runner from 3rd tries for Home, SAFE, throw by RF to home
Batting: RHB Bodil Hardenberg 0-0: Fly out, F8 (Line Drive, 8LM, EV 98.1 MPH)
Bottom of the 6th over - 1 run, 2 hits, 0 errors, 1 left on base; San Antonio 2 - Colorado (EL) 4
TOP OF THE 7TH
San Antonio Missions batting - Pitching for Colorado (EL) Rockies : RHP Corey Dalton
Pitching: RHP Javier Leon
Batting: RHB Steve Martin 0-0: Fly out, F9 (Flyball, 89M, EV 97.5 MPH)
Batting: RHB Yusuke Nakamura 0-0: Ball
1-0: Foul Ball, location: 2F
1-1: Called Strike
1-2: Foul Ball, location: 2F
1-2: Foul Ball, location: 2F
1-2: Ball
2-2: Strikes out looking
Batting: SHB Devin Hottenstein 0-0: Called Strike
0-1: Foul Ball, location: 2F
0-2: SINGLE (Line Drive, 56, EV 103.1 MPH)
Batting: LHB Javy Portela 0-0: Ground out U3 (Groundball, 34S, EV 86.9 MPH)
Top of the 7th over - 0 runs, 1 hit, 0 errors, 1 left on base; San Antonio 2 - Colorado (EL) 4
BOTTOM OF THE 7TH
Colorado (EL) Rockies batting - Pitching for San Antonio Missions : LHP Luis Sanchez
Batting: RHB Matt Fabre 0-0: Ball
1-0: Called Strike
1-1: Ball
2-1: Foul Ball, location: 2F
2-2: Strikes out swinging
Pitching: RHP Jason Barlow
Batting: LHB Chris Salim 0-0: Ball
1-0: Foul Ball, location: 2F
1-1: Called Strike
1-2: SINGLE (Flyball, 8LS, EV 86.9 MPH)
Batting: LHB Chris Raymond 0-0: Ball
1-0: Called Strike
1-1: Grounds into double play, 4-6-3 (Groundball, 4, EV 85.6 MPH)
Bottom of the 7th over - 0 runs, 1 hit, 0 errors, 0 left on base; San Antonio 2 - Colorado (EL) 4
TOP OF THE 8TH
San Antonio Missions batting - Pitching for Colorado (EL) Rockies : RHP Javier Leon
Batting: LHB Josh Slusarczyk 0-0: Ball
1-0: Ground out 4-3 (Groundball, 4, EV 77.5 MPH)
Batting: LHB David Seminario 0-0: Called Strike
0-1: Called Strike
0-2: Fly out, F8 (Line Drive, 8LM, EV 86.9 MPH)
Batting: SHB Olaf Zoeteman 0-0: Called Strike
0-1: Foul Ball, location: 2F
0-2: SINGLE (Groundball, 34D, EV 111.9 MPH)
Batting: RHB Francisco Trejo 0-0: Called Strike
0-1: Fly out, F9 (Line Drive, 9, EV 91.9 MPH)
Top of the 8th over - 0 runs, 1 hit, 0 errors, 1 left on base; San Antonio 2 - Colorado (EL) 4
BOTTOM OF THE 8TH
Colorado (EL) Rockies batting - Pitching for San Antonio Missions : RHP Jason Barlow
Batting: RHB Bobby Gulsby 0-0: Swinging Strike
0-1: Ball
1-1: Reached on error, E4 (Groundball, 4, EV 105.0 MPH)
Batting: LHB Eric Ludwig 0-0: Ball
1-0: Called Strike
1-1: Bunted foul
1-2: Ball
2-2: Strikes out swinging
Bobby Gulsby steals 2nd base
Batter strikes out.
Batting: RHB Luis Castillo 0-0: Called Strike
0-1: Ball
1-1: Ground out 5-3 (Groundball, 56, EV 81.2 MPH)
Batting: LHB Eric Zacher 0-0: Called Strike
0-1: Ground out 4-3 (Groundball, 4, EV 93.1 MPH)
Bottom of the 8th over - 0 runs, 0 hits, 1 error, 1 left on base; San Antonio 2 - Colorado (EL) 4
TOP OF THE 9TH
San Antonio Missions batting - Pitching for Colorado (EL) Rockies : RHP Javier Leon
Pitching: RHP Freddy Barahona
Batting: RHB Jerry Garcez 0-0: Called Strike
0-1: Ball
1-1: Foul Ball, location: 2F
1-2: Foul Ball, location: 2F
1-2: SINGLE (Groundball, 15S, EV 71.2 MPH) (infield hit)
Batting: RHB Steve Martin 0-0: Ball
1-0: Foul Ball, location: 2F
1-1: Foul Ball, location: 2F
1-2: Foul Ball, location: 2F
1-2: Ball
2-2: Ball
3-2: Foul Ball, location: 2F
3-2: DOUBLE (Line Drive, 3D, EV 101.9 MPH)
Jerry Garcez to third
Batting: RHB Yusuke Nakamura 0-0: Called Strike
0-1: Swinging Strike
0-2: Foul Ball, location: 2F
0-2: DOUBLE (Line Drive, 7LS, EV 100.0 MPH)
Jerry Garcez scores
Steve Martin scores
Batting: SHB Devin Hottenstein 0-0: Intentional Walk
Batting: LHB Javy Portela 0-0: Ball
1-0: Called Strike
1-1: Fly out, F4 (Popup, 4D, EV 56.9 MPH)
Batting: LHB Josh Slusarczyk 0-0: Ball
1-0: Foul Ball, location: 2F
1-1: Called Strike
1-2: Foul Ball, location: 2F
1-2: Foul Ball, location: 2F
1-2: Strikes out swinging
Batting: LHB David Seminario 0-0: Swinging Strike
0-1: Ball
1-1: Foul Ball, location: 2F
1-2: Foul Ball, location: 2F
1-2: Ball
2-2: Ball
3-2: Strikes out looking
Top of the 9th over - 2 runs, 3 hits, 0 errors, 2 left on base; San Antonio 4 - Colorado (EL) 4
BOTTOM OF THE 9TH
Colorado (EL) Rockies batting - Pitching for San Antonio Missions : RHP Jason Barlow
Pitching: LHP Ed Valdez
Batting: SHB Malik Whitted 0-0: Ball
1-0: Ball
2-0: Ball
3-0: Base on Balls
Batting: RHB Bodil Hardenberg 0-0: Foul Ball, location: 2F
0-1: Ball
1-1: Swinging Strike
1-2: Reached on error, E3 (Groundball, 3, EV 89.4 MPH)
Malik Whitted to second
Batting: RHB Matt Fabre 0-0: Called Strike
0-1: Ball
1-1: Ball
2-1: SINGLE (Groundball, 56, EV 101.9 MPH)
Malik Whitted to third
Bodil Hardenberg to second
Runner from 3rd tries for Home, SAFE, throw by LF to home
Bottom of the 9th over - 1 run, 1 hit, 1 error, 2 left on base; San Antonio 4 - Colorado (EL) 5
Tuesday, September 13th , 2022 - OOTP Baseball 23.7 Build 88